 Dungeon Crawl Stone Soup version 0.29.1-1-gd02db6906a (webtiles) character file.

Game seed: 17192009467977436799

716 MisterFreud the Covert (level 7, 0/60 HPs)
             Began as a Gnoll Delver on Oct 7, 2022.
             Slain by an ogre
             ... wielding a +0 giant club
              (31 damage)
             ... on level 5 of the Dungeon.
             The game lasted 00:05:58 (4569 turns).

MisterFreud the Covert (Gnoll Delver)               Turns: 4569, Time: 00:05:59

Health: 0/60       AC:  7    Str: 11    XL:     7   Next: 69%
Magic:  11/11      EV: 13    Int: 21    God:
Gold:   237        SH:  4    Dex: 14    Spells: 11/11 levels left

rFire   + . .      SeeInvis .   a - +0 short sword (spect)
rCold   . . .      Faith    .   o - +0 buckler
rNeg    . . .      Spirit   .   b - +1 leather armour
rPois   .          Reflect  .   (no helmet)
rElec   .          Harm     +   (no cloak)
rCorr   .          Rampage  +   (no gloves)
Will    .....                   m - +2 pair of boots {rampage}
Stlth   ++++......              u - amulet of Erywaj {Harm +Inv rF+ Regen+ Int+4}
HPRegen 1.00/turn               k - +6 ring of intelligence
MPRegen 0.12/turn               (no ring)

@: no status effects
A: fangs 1, strong nose, distributed training
a: Evoke Invisibility


You were on level 5 of the Dungeon.
You visited 1 branch of the dungeon, and saw 6 of its levels.

You collected 237 gold pieces.

Inventory:

Hand Weapons
 a - a +0 spectral short sword (weapon)
Missiles
 j - 6 javelins
 r - 2 boomerangs (quivered)
Armour
 b - a +1 leather armour (worn)
 m - a +2 pair of boots of rampaging (worn)
 o - a +0 buckler (worn)
Jewellery
 h - an amulet of reflection
 i - an amulet of guardian spirit
 k - a +6 ring of intelligence (left hand)
 u - the amulet of Erywaj (around neck) {Harm +Inv rF+ Regen+ Int+4}
   (You found it on level 4 of the Dungeon)

   [amulet of regeneration]

   Int:       It affects your intelligence (+4).
   rF:        It protects you from fire.
   +Inv:      It lets you turn invisible.
   Regen:     It increases your rate of health regeneration.
   Harm:      It increases damage dealt and taken.
Wands
 g - a wand of digging (2)
 n - a wand of quicksilver (7)
Scrolls
 c - 2 scrolls of fog
 d - 3 scrolls of magic mapping
 e - 4 scrolls of fear
 s - 2 scrolls of amnesia
 v - a scroll of identify
Potions
 f - 5 potions of haste
 l - a potion of might
 p - a potion of heal wounds
 q - 3 potions of brilliance
 t - a potion of cancellation


   Skills:
 + Level 7.1 Fighting
 + Level 5.4 Short Blades
 + Level 2.7 Long Blades
 + Level 2.7 Axes
 + Level 2.7 Maces & Flails
 + Level 2.7 Polearms
 + Level 2.7 Staves
 + Level 2.7 Ranged Weapons
 + Level 2.7 Throwing
 + Level 2.7 Armour
 + Level 5.4 Dodging
 + Level 10.0 Stealth
 + Level 2.7 Shields
 + Level 2.7 Unarmed Combat
 + Level 2.7 Spellcasting
 + Level 2.2 Conjurations
 + Level 2.2 Hexes
 + Level 2.2 Summonings
 + Level 2.2 Necromancy
 + Level 2.2 Translocations
 + Level 2.2 Transmutations
 + Level 2.2 Fire Magic
 + Level 2.2 Ice Magic
 + Level 2.2 Air Magic
 + Level 2.2 Earth Magic
 + Level 2.2 Poison Magic
 + Level 3.0 Invocations
 + Level 2.7 Evocations


You had 11 spell levels left.
You didn't know any spells.
Your spell library contained the following spells:

 Spells                   Type           Power      Damage    Failure   Level
 Call Canine Familiar     Summ           12%        N/A       28%         3
 Portal Projectile        Hex/Tloc       24%        N/A       28%         3
 Leda's Liquefaction      Hex/Erth       6%         N/A       67%         4


Dungeon Overview and Level Annotations

Branches:
Dungeon (6/15)
 Temple: D:4-7

Altars:
The Shining One

Annotations:
D:3 2 transporters, z5x3's ghost, amateur NaIE


Innate Abilities, Weirdness & Mutations

You have very sharp teeth.
Your uncanny sense of smell can sniff out nearby items.
Your experience applies equally to all skills.


Message History

You rampage towards the orc!
You hit the orc.
The orc is heavily wounded.
Your +0 spectral short sword hits the orc.
The orc closely misses you.
The orc closely misses your +0 spectral short sword.
You hit the orc.
You kill the orc!
r - 2 boomerangs (gained 1)
You see here a +0 hand axe.
You see here a hound corpse.
There is an open door here.
You open the door.
There is an open door here.
An ogre comes into view. It is wielding a +0 giant club.
An ogre is nearby!
You rampage towards the ogre!
An ogre is nearby!
Found a stone staircase leading down.
You rampage towards the ogre!
You rampage towards the ogre!
You rampage towards the ogre!
You rampage towards the ogre!
You hit the ogre but do no damage. The ogre hits you with a +0 giant club!
You hit the ogre.
The ogre is lightly wounded.
You hit the ogre.
The ogre is heavily wounded.
The ogre hits you with a +0 giant club!!
You hit the ogre. You bite the ogre.
The ogre is heavily wounded.
You barely miss the ogre.
The ogre is heavily wounded.
You block the ogre's attack. The ogre attacks as you move away!
The ogre barely misses you.
You hit the ogre. Your bite misses the ogre.
The ogre is heavily wounded.
Your +0 spectral short sword hits the ogre.
The ogre hits you with a +0 giant club!!
Ouch! That really hurt!
You die...

. #...####### #.
#.#........ .##
#...####### .. ##
##.#### # .#. #....# #.#
#....# #.# ##...#
#######O# ##.##
......(@# #.# .#####..#
#.# #..# #.# .#####..#
#.## ........# #..## #
........#########...####
.......................'
........#########...####
........# ###..## #


You could see an ogre and a friendly +0 spectral short sword (summoned).

Vanquished Creatures
  Sigmund (D:2)
  A scorpion (D:4)
  A gnoll bouda (D:4)
  3 hounds (D:5)
  A jelly (D:5)
  An iguana (D:4)
  Natasha (D:2)
  An orc wizard (D:5)
  Robin (D:2)
  11 gnolls
  3 adders
  2 worms
  13 orcs
  4 bats
  3 endoplasms
  10 giant cockroaches
  21 goblins
  13 hobgoblins
  4 quokkas
  14 ball pythons
  A frilled lizard (D:1)
  4 kobolds
  8 rats
122 creatures vanquished.

Notes
Turn   | Place    | Note
-------+----------+-------------------------------------------
     0 | D:5      | Reached skill level 9 in Stealth
     0 | D:5      | MisterFreud the Gnoll Delver began the quest for the Orb.
     0 | D:5      | Reached XP level 1. HP: 23/23 MP: 1/1
     4 | D:6      | Noticed an iguana
    63 | D:5      | Found a glowing golden altar of the Shining One.
    73 | D:5      | Noticed a jelly
    87 | D:5      | Noticed an orc priest
   349 | D:1      | Reached XP level 2. HP: 26/29 MP: 2/2
   774 | D:1      | Reached XP level 3. HP: 16/35 MP: 3/3
  1123 | D:1      | Reached skill level 1 in Invocations
  1465 | D:2      | Noticed Robin
  1474 | D:2      | Reached skill level 1 in Long Blades
  1474 | D:2      | Reached skill level 1 in Axes
  1474 | D:2      | Reached skill level 1 in Maces & Flails
  1474 | D:2      | Reached skill level 1 in Polearms
  1474 | D:2      | Reached skill level 1 in Staves
  1474 | D:2      | Reached skill level 1 in Ranged Weapons
  1474 | D:2      | Reached skill level 1 in Throwing
  1474 | D:2      | Reached skill level 1 in Armour
  1474 | D:2      | Reached skill level 1 in Shields
  1474 | D:2      | Reached skill level 1 in Unarmed Combat
  1474 | D:2      | Reached skill level 1 in Spellcasting
  1474 | D:2      | Reached skill level 1 in Evocations
  1485 | D:2      | Killed Robin
  1486 | D:2      | Reached XP level 4. HP: 10/41 MP: 5/5
  1823 | D:2      | Reached skill level 1 in Conjurations
  1823 | D:2      | Reached skill level 1 in Hexes
  1823 | D:2      | Reached skill level 1 in Summonings
  1823 | D:2      | Reached skill level 1 in Necromancy
  1823 | D:2      | Reached skill level 1 in Translocations
  1823 | D:2      | Reached skill level 1 in Transmutations
  1823 | D:2      | Reached skill level 1 in Fire Magic
  1823 | D:2      | Reached skill level 1 in Ice Magic
  1823 | D:2      | Reached skill level 1 in Air Magic
  1823 | D:2      | Reached skill level 1 in Earth Magic
  1823 | D:2      | Reached skill level 1 in Poison Magic
  1959 | D:2      | Found a faded altar of an unknown god.
  2095 | D:2      | Noticed Sigmund
  2107 | D:2      | Killed Sigmund
  2108 | D:2      | Reached XP level 5. HP: 28/47 MP: 5/7
  2108 | D:2      | Reached XP level 6. HP: 31/53 MP: 5/8
  2234 | D:2      | Noticed Natasha
  2246 | D:2      | Killed Natasha
  2247 | D:2      | Reached skill level 5 in Short Blades
  2247 | D:2      | Reached skill level 5 in Dodging
  3004 | D:3      | Found a transporter.
  3005 | D:3      | Noticed z5x3's ghost (amateur NaIE)
  3007 | D:3      | Found a transporter.
  3011 | D:3      | You fall into a shaft and drop 2 floors!
  3179 | D:4      | Reached XP level 7. HP: 54/60 MP: 10/10
  3584 | D:4      | Identified the amulet of Erywaj {Harm +Inv rF+ Regen+
                  | Int+4}
  4170 | D:5      | Identified the +6 short sword of Woudaifa {spect, *Rage
                  | rElec rF+ Dex+2}
  4408 | D:5      | Reached skill level 10 in Stealth
  4569 | D:5      | Slain by an ogre

Illustrated notes

Levels and vault maps discovered:
D:1:      eino_arrival_cavern_a, layout_basic, minmay_worlds_worst_comb
D:2:      layout_loops_ring, hellmonk_ecumenical_altar_run_dry, st_stairs_11,
          uniq_robin, uniq_natasha, uniq_sigmund
D:3:      layout_basic, gammafunk_ghost_arena,
          wander_ebering_terrifying_dragon_lair
D:4:      minmay_inner_zag, layout_basic, minmay_curled_crystal,
          grunt_ministairs_10, minmay_misc_feat_ornament
D:5:      layout_loops_corners, nicolae_tso_carved_into_rock,
          eino_small_chamber_without_monster
D:6:      layout_layer_cave, lemuel_crystal_altar,
          nicolae_elevator_lobby_asterisk

Skill      XL: |  1  2  3  4  5  6  7 |
---------------+----------------------+-----
Stealth        | 10 | 10.0
Invocations    | 1 2 3 |  3.0
Long Blades    | 1 2 |  2.7
Axes           | 1 2 |  2.7
Maces & Flails | 1 2 |  2.7
Polearms       | 1 2 |  2.7
Staves         | 1 2 |  2.7
Ranged Weapons | 1 2 |  2.7
Throwing       | 1 2 |  2.7
Armour         | 1 2 |  2.7
Shields        | 1 2 |  2.7
Unarmed Combat | 1 2 |  2.7
Spellcasting   | 1 2 |  2.7
Evocations     | 1 2 |  2.7
Conjurations   | 1 2 |  2.2
Hexes          | 1 2 |  2.2
Summonings     | 1 2 |  2.2
Necromancy     | 1 2 |  2.2
Translocations | 1 2 |  2.2
Transmutations | 1 2 |  2.2
Fire Magic     | 1 2 |  2.2
Ice Magic      | 1 2 |  2.2
Air Magic      | 1 2 |  2.2
Earth Magic    | 1 2 |  2.2
Poison Magic   | 1 2 |  2.2
Short Blades   | 5 |  5.4
Dodging        | 5 |  5.4
Fighting       | 7 |  7.1

Action                   |  1- 3 |  4- 6 |  7- 9 || total
-------------------------+-------+-------+-------++-------
Melee: Short sword       |    98 |   126 |    90 ||   314
       Bite              |     9 |    15 |    12 ||    36
       Punch             |     3 |     3 |       ||     6
Evoke: Wand              |     1 |       |       ||     1
  Use: Scroll            |     5 |     2 |     4 ||    11
       Potion            |     1 |       |       ||     1
 Stab: Sleeping          |    13 |     9 |     8 ||    30
       Distracted        |     1 |     1 |     3 ||     5
Armor: Leather armour    |    16 |    22 |    10 ||    48
Dodge: Dodged            |    48 |    53 |    32 ||   133
Block: Other             |    10 |    17 |       ||    27
       Reflection        |       |     1 |       ||     1
       Buckler           |       |       |    14 ||    14
